 Dungeon Crawl Stone Soup version 0.16-a0-4112-g89a4107 (webtiles) character file.

206 Kaesh the Chopper (level 5, 0/70 HPs)
             Began as a Hill Orc Berserker on Feb 27, 2015.
             Was a Believer of Trog.
             Succumbed to kobold's curare-tipped needle
             ... on level 4 of the Dungeon.
             The game lasted 00:15:16 (3033 turns).

Kaesh the Chopper (Hill Orc Berserker)              Turns: 3033, Time: 00:15:17

Health: 0/70       AC: 11    Str: 26    XL:     5   Next: 84%
Magic:  1/5        EV:  9    Int:  7    God:    Trog [**....]
Gold:   185        SH:  0    Dex: 10    Spells: 0 memorised, 4 levels left

rFire  . . .     SeeInvis .     a - +0 hand axe
rCold  . . .     Clarity  .     k - +0 chain mail
rNeg   . . .     SustAb   .     (no shield)
rPois  .         Gourm    .     q - +0 helmet
rElec  .         Spirit   +     s - +0 cloak
rCorr  .         Warding  .     (no gloves)
rMut   .         Stasis   .     (no boots)
MR     .....                    o - amulet of guardian spirit
Stlth  ..........               (no ring)
                                (no ring)

@: berserking (expiring), lethally poisoned (0 -> -30), short of breath, slowed,
not resistant to hostile enchantments, extremely unstealthy
A: no striking features
a: Burn Spellbooks, Berserk, Trog's Hand, Renounce Religion


You were on level 4 of the Dungeon.
You worshipped Trog.
Trog was pleased with you.
You were not hungry.

You visited 1 branch of the dungeon, and saw 4 of its levels.

You collected 185 gold pieces.

Inventory:

Hand weapons
 a - a +0 hand axe (weapon)
 x - a +0 hand axe
Armour
 b - a +0 animal skin
 e - a +0 ring mail
 j - a +0 scale mail
 k - a +0 chain mail (worn)
 q - a +0 helmet (worn)
 s - a +0 cloak (worn)
Jewellery
 o - an amulet of guardian spirit (around neck)
 A - an uncursed ring of see invisible {unknown}
Scrolls
 g - 2 scrolls of remove curse {unknown}
 i - a scroll of noise {unknown}
 l - 6 scrolls of identify {unknown}
 n - 3 scrolls of immolation {unknown}
 p - a scroll of enchant armour {unknown}
 u - a scroll of enchant weapon {unknown}
 v - a scroll of teleportation {unknown}
 y - a scroll of fog {unknown}
Potions
 d - 4 potions of curing {unknown}
 f - 2 potions of haste {unknown}
 h - a potion of restore abilities {unknown}
 m - a potion of might {unknown}
 r - 2 potions of ambrosia {unknown}
 t - a potion of mutation {unknown}
 w - a potion of poison {unknown}
Comestibles
 c - a meat ration
 z - a bread ration
 B - a chunk of flesh


   Skills:
 + Level 4.7 Fighting
 + Level 5.2 Axes
 + Level 4.3 Armour
 + Level 2.4 Dodging


You had 4 spell levels left.
You didn't know any spells.

Dungeon Overview and Level Annotations

Branches:
Dungeon (4/15)
 Temple: D:4-7

Altars:
Makhleb
Okawaru
Vehumet
Zin
The Shining One

Annotations:
D:4 Blork the orc


Message History

Blork the orc hits you with a dire flail.
* * * LOW HITPOINT WARNING * * *
You barely miss Blork the orc.
Blork the orc is moderately wounded.
* * * LOW HITPOINT WARNING * * *
You feel very sick. Blork the orc barely misses you.
You closely miss Blork the orc.
Blork the orc is moderately wounded.
* * * LOW HITPOINT WARNING * * *
You feel very sick.
Blork the orc hits you but does no damage.
You hit Blork the orc.
Blork the orc is heavily wounded.
* * * LOW HITPOINT WARNING * * *
You feel very sick. Blork the orc closely misses you.
You slash Blork the orc!
Blork the orc is severely wounded.
You die...

### #..###..#
#..##......<...#
##..#..##
#..######..#####
#....## #.## ##.#
#...## #.# #.#
##...# #.## ..#
#....## #..## .#.
####..##
##....### .# #
##..###.........#
##:...@oK......
#.............
###..........
##.........
##...##..# ###.#
. #. ..


You could see Blork the orc and a kobold.

Vanquished Creatures
  An ogre (D:4)
  Crazy Yiuf (D:2)
  Terence (D:3)
  2 adders (D:3)
  2 worms (D:2)
  2 giant geckos
  2 oozes
  An orc (D:3)
  5 bats
  5 giant cockroaches
  5 hobgoblins
  3 kobolds
  A ball python (D:3)
  5 giant newts
  6 goblins
  6 rats
  4 fungi (D:2)
52 creatures vanquished.

Notes
Turn   | Place    | Note
--------------------------------------------------------------
     0 | D:1      | Kaesh, the Hill Orc Berserker, began the quest for the Orb.
     0 | D:1      | Reached XP level 1. HP: 19/19 MP: 1/1
   226 | D:1      | Reached XP level 2. HP: 20/27 MP: 2/2
   939 | D:1      | Acquired Trog's second power
  1176 | D:2      | Reached XP level 3. HP: 30/33 MP: 3/3
  1449 | D:2      | Found a radiant altar of Vehumet.
  1450 | D:2      | Found a burning altar of Makhleb.
  1666 | D:2      | Noticed Crazy Yiuf
  1670 | D:2      | Killed Crazy Yiuf
  1670 | D:2      | Reached XP level 4. HP: 40/40 MP: 4/4
  2031 | D:3      | Found a glowing golden altar of the Shining One.
  2221 | D:3      | Noticed Terence
  2238 | D:3      | Killed Terence
  2284 | D:3      | Found an iron altar of Okawaru.
  2477 | D:3      | Reached XP level 5. HP: 43/47 MP: 5/5
  2509 | D:3      | Found a glowing silver altar of Zin.
  2920 | D:4      | Noticed an ogre
  2931 | D:4      | Killed an ogre
  2931 | D:4      | Reached skill level 5 in Axes
  3022 | D:4      | Noticed Blork the orc
  3032 | D:4      | HP: 3/70 [poisoned by kobold (curare-tipped needle)]
  3033 | D:4      | Succumbed to kobold's curare-tipped needle

Action                   |  1- 3 |  4- 6 || total
-------------------------+-------+-------++-------
Melee: Hand axe          |   159 |   103 ||   262
Invok: Berserk           |     2 |     1 ||     3
  Eat: Fruit             |     2 |     3 ||     5
       Chunk             |     2 |       ||     2
       Meat ration       |       |     1 ||     1
